 Dungeon Crawl Stone Soup version 0.26.1-10-gdfb7c7de75 (webtiles) character file.

Game seed: 5489101449584946189

59 manyhoops the Ruffian (level 3, -2/31 HPs)
             Began as a Palentonga Transmuter on Apr 3, 2021.
             Slain by an adder (3 damage)
             ... on level 2 of the Dungeon.
             The game lasted 00:01:08 (1451 turns).

manyhoops the Ruffian (Palentonga Transmuter)       Turns: 1451, Time: 00:01:08

Health: -2/31      AC:  4    Str: 14    XL:     3   Next: 78%
Magic:  6/6        EV: 10    Int: 13    God:
Gold:   33         SH:  0    Dex: 10    Spells: 5/6 levels left

rFire    . . .     SeeInvis +     - Unarmed
rCold    . . .     Faith    .   (no shield)
rNeg     . . .     Spirit   .   a - +0 robe
rPois    .         Reflect  .   (no helmet)
rElec    .         Harm     .   (no cloak)
rCorr    .         Rampage  .   (no gloves)
Will     .....                  (no barding)
Stlth    +.........             (no amulet)
HPRegen  0.10/turn              (no ring)
MPRegen  0.10/turn              (no ring)

@: mighty, hasted, very quick
A: large, rugged brown scales 3, see invisible, deformed body, roll 1, armoured
tail
a: Rolling Charge


You were on level 2 of the Dungeon.
You visited 1 branch of the dungeon, and saw 2 of its levels.

You collected 33 gold pieces.

Inventory:

Armour
 a - a +0 robe (worn)
Scrolls
 d - a scroll of fog
 e - 2 scrolls of identify {unknown}
Potions
 c - a potion of haste


   Skills:
 * Level 2.0 Fighting
 - Level 1.5 Dodging
 + Level 4.3 Unarmed Combat
 - Level 2.0 Spellcasting
 - Level 2.0 Transmutations


You had 5 spell levels left.
You knew the following spells:

 Your Spells              Type           Power        Failure   Level
a - Beastly Appendage     Tmut           12%          11%         1

Your spell library contained the following spells:

 Spells                   Type           Power        Failure   Level
 Wereblood                Tmut           6%           17%         2
 Spider Form              Tmut/Pois      1%           45%         3
 Ice Form                 Ice/Tmut       3%           86%         4
 Blade Hands              Tmut           3%           97%         5


Dungeon Overview and Level Annotations

Branches:
Dungeon (2/15)

Altars:

Annotations:
D:2 Sigmund


Innate Abilities, Weirdness & Mutations

You are completely covered in rugged brown scales. (AC +3, +7% HP)
You have supernaturally acute eyesight. (SInv)
Armour fits poorly on your strangely shaped body.
You can roll at nearby foes to attack.
You have a long armoured tail.


Message History

* * * LOW HITPOINT WARNING * * *
The adder closely misses you.
A frilled lizard comes into view.
The adder bites you.
* * * LOW HITPOINT WARNING * * *
Things that are here:
a frilled lizard corpse; a hound corpse It was a potion of haste.
You feel yourself speed up. The adder closely misses you.
It was a potion of might.
You feel very mighty all of a sudden. The adder misses you.
You punch the adder!
The adder is heavily wounded.
The adder bites you but does no damage.
You closely miss the adder.
Your tail-slap misses the adder.
Your punch misses the adder.
The adder is heavily wounded.
The adder bites you.
You die...

#...# ..>.# #....#
... .....# . ...
..l..#
..##S######§#....
..b...§bS@§§.###
....(.@###§#...#
....#....§@§...###
... #...).........
. #..........>..
#.........#...
#.........!...
#...........##.
##..........#


You could see Sigmund, an adder and a bat.

Vanquished Creatures
  A hound (D:2)
  A leopard gecko (D:1)
  2 ball pythons (D:1)
  A giant cockroach (D:1)
  8 goblins
  5 hobgoblins
  2 bats
  2 frilled lizards
  3 kobolds
  2 rats (D:1)
27 creatures vanquished.

Notes
Turn   | Place    | Note
-------+----------+-------------------------------------------
     0 | D:1      | manyhoops the Palentonga Transmuter began the quest for the
                  | Orb.
     0 | D:1      | Reached XP level 1. HP: 17/17 MP: 3/3
   420 | D:1      | Reached XP level 2. HP: 18/24 MP: 3/5
  1422 | D:2      | Reached skill level 4 in Unarmed Combat
  1422 | D:2      | Reached XP level 3. HP: 15/31 MP: 4/6
  1442 | D:2      | Noticed Sigmund
  1447 | D:2      | HP: 1/31 [adder (2)]
  1451 | D:2      | Slain by an adder

Illustrated notes

Levels and vault maps discovered:
D:1:      psy_arrival_basics, layout_basic
D:2:      layout_rooms, serial_corexii_hall, corexii_hall_statues_l,
          chequers_hall_statues_y, uniq_sigmund

Skill      XL: |  1  2 |
---------------+-------+-----
Fighting       | 2 |  2.0
Unarmed Combat | 4 |  4.3
Dodging        | |  1.5
Spellcasting   | |  2.0
Transmutations | |  2.0

Action                   || total
-------------------------++-------
Melee: Unarmed           ||    76
       Headbutt          ||     4
       Tailslap          ||     4
       Kick              ||     8
 Cast: Beastly Appendage ||    10
  Use: Potion            ||     2
       Scroll            ||     1
Armor: Robe              ||    41
Dodge: Dodged            ||    55
